Map: Oceanborn LE

Players

SirPwnsAlot - Winner!

  • Race: Terran Terran
  • League: Platinum
  • Spawn Location: 5:00

SubN

  • Race: Zerg Zerg
  • League: Diamond
  • Spawn Location: 11:00

VOD

Have the link to the VOD?

Description

Time

  • Played on: Dec. 27, 2023, 2:12 p.m.
  • Length: 19:47
Show
View Real Time Build Order
Export as new Build Order

SirPwnsAlot Terran - Winner!

Build Orders: Command Center First, Mech 

Get SALT Encoding   

  12  0:00  SCV  
  13  0:12  SCV  
  14  0:18  Supply Depot  
  14  0:25  SCV  
  15  0:39  SCV  
  16  0:52  SCV  
  17  1:00  Command Center  
  17  1:04  SCV  
  18  1:08  Refinery  
  18  1:15  Refinery  
  18  1:24  Barracks  
  18  1:28  SCV  
  19  1:40  SCV  
  20  1:53  SCV  
  22  2:12  Orbital Command, Marine  
  22  2:13  Orbital Command  
  22  2:20  Factory  
  22  2:33  Marine  
  23  2:37  SCV  
  23  2:38  SCV  
  25  2:49  SCV  
  25  2:50  Marine  
  27  2:55  SCV  
  28  3:01  Command Center, SCV  
  28  3:05  Factory Tech Lab  
  29  3:12  Supply Depot, Orbital Command  
  29  3:21  Barracks Reactor  
  29  3:25  Siege Tank  
  29  3:26  SCV  
  33  3:42  Factory  
  33  3:45  Starport  
  33  3:52  SCV x2  
  35  3:58  Marine x2  
  37  4:03  Siege Tank  
  37  4:06  SCV x2  
  42  4:17  Orbital Command  
  42  4:18  SCV  
  42  4:19  SCV  
  42  4:23  Refinery  
  44  4:25  Marine x2  
  44  4:26  Refinery, Starport Reactor  
  44  4:27  Factory Tech Lab  
  44  4:31  SCV x2  
  48  4:43  SCV x2  
  48  4:44  Armory  
  50  4:52  Supply Depot  
  50  4:55  Supply Depot, SCV x2  
  50  4:56  Siege Tank  
  50  4:57  Marine x2  
  57  5:02  Siege Tank  
  60  5:07  SCV  
  61  5:14  SCV x2  
  61  5:16  Supply Depot  
  61  5:19  SCV  
  64  5:25  Supply Depot  
  64  5:29  SCV x2  
  64  5:31  SCV  
  64  5:32  Siege Tank  
  70  5:37  Thor  
  70  5:38  Engineering Bay  
  70  5:41  SCV, Medivac  
  79  5:44  SCV x2  
  81  5:53  SCV  
  81  5:56  Viking, SCV x2  
  86  5:59  Supply Depot  
  86  6:01  Supply Depot  
  86  6:05  Missile Turret, SCV  
  86  6:09  Factory  
  87  6:13  Command Center  
  87  6:29  Missile Turret  
  87  6:32  SCV x2  
  89  6:58  Orbital Command  
  89  7:03  SCV x2  
  91  7:16  Thor x2  
  91  7:17  Factory Reactor  
  91  7:19  Liberator x2  
  109  7:24  Marine x2  
  109  7:26  Command Center  
  111  7:30  Supply Depot  
  111  7:31  Supply Depot  
  111  7:37  Supply Depot  
  108  7:49  Terran Vehicle Weapons Level 1, SCV x2  
  110  7:55  Missile Turret  
  110  7:57  Refinery  
  110  7:58  Refinery  
  110  8:02  Missile Turret  
  110  8:03  SCV  
  110  8:04  Command Center, SCV  
  112  8:08  Command Center  
  112  8:10  Supply Depot  
  112  8:15  Orbital Command  
  112  8:17  Liberator x2  
  112  8:18  Siege Tank  
  112  8:19  Thor  
  125  8:35  Missile Turret, SCV x2  
  127  8:42  Planetary Fortress  
  123  9:10  Hellion x2  
  123  9:11  Command Center, Liberator x2  
  123  9:12  Command Center, Siege Tank x2  
  135  9:20  Fusion Core, SCV x2  
  135  9:23  SCV x2  
  141  9:31  Hellion  
  141  9:38  Missile Turret  
  140  9:45  SCV x3  
  143  9:47  Missile Turret  
  143  9:51  Terran Vehicle Weapons Level 2  
  143  9:57  Hi-Sec Auto Tracking, Armory  
  143  9:58  Armory  
  147  10:07  Hellion x2, Viking x2  
  147  10:11  Drilling Claws  
  147  10:12  Infernal Pre-Igniter  
  151  10:16  Advanced Ballistics  
  151  10:18  Missile Turret  
  148  10:28  Hellion  
  126  10:36  Command Center  
  126  10:38  Missile Turret  
  126  10:40  Missile Turret  
  125  10:59  Orbital Command  
  125  11:00  Missile Turret, Orbital Command  
  125  11:01  Missile Turret  
  125  11:04  Missile Turret x2  
  125  11:06  Missile Turret  
  125  11:07  Thor x2  
  125  11:08  Widow Mine  
  125  11:09  Widow Mine  
  125  11:11  Liberator x2  
  147  11:25  Starport x2  
  147  11:29  Starport  
  147  11:31  Starport  
  147  11:33  Factory  
  114  12:01  Terran Ship Weapons Level 1, Terran Vehicle And Ship Armor Level 1  
  113  12:11  SCV x3  
  116  12:24  Missile Turret x2  
  116  12:27  Missile Turret  
  116  12:28  Missile Turret x3  
  116  12:29  Missile Turret  
  116  12:32  Command Center, Planetary Fortress  
  116  12:33  Starport Tech Lab  
  116  12:34  Starport Tech Lab  
  116  12:36  Starport Tech Lab  
  116  12:37  Starport Tech Lab  
  116  12:39  Siege Tank x2  
  116  12:40  Widow Mine x2  
  116  12:41  Liberator x2  
  132  12:48  Factory Reactor  
  136  13:05  Hellion  
  136  13:06  Hellion  
  136  13:11  Siege Tank  
  139  13:14  Battlecruiser  
  146  13:27  Hellion x2  
  146  13:33  Battlecruiser  
  152  13:35  Hellion  
  152  13:36  Hellion x2  
  155  13:43  Hellion  
  156  13:48  Hellion x2  
  149  13:57  Hellion x3  
  149  14:05  Hellion, Missile Turret x2  
  149  14:07  Missile Turret  
  151  14:10  Missile Turret  
  151  14:21  Missile Turret  
  151  14:42  Sensor Tower  
  147  14:54  Command Center  
  147  15:01  Battlecruiser x4  
  163  15:10  Hellion x2, Smart Servos  
  163  15:12  Hellion  
  163  15:13  Hellion x2  
  165  15:31  Hellion x2  
  169  15:45  Orbital Command  
  169  15:56  Missile Turret  
  169  15:57  Command Center  
  169  15:58  Missile Turret  
  167  16:07  Planetary Fortress  
  167  16:25  Missile Turret  
  153  16:38  Terran Ship Weapons Level 2, Terran Vehicle And Ship Armor Level 2, Terran Vehicle Weapons Level 3  
  152  16:40  Neosteel Armor  
  152  16:48  Planetary Fortress  
  152  16:55  Battlecruiser  
  158  17:14  Refinery, Planetary Fortress  
  158  17:15  Refinery  
  158  17:17  Missile Turret  
  158  17:19  Missile Turret  
  158  17:21  Missile Turret  
  158  17:23  Missile Turret  
  149  17:42  Weapon Refit  
  143  18:06  Missile Turret  
  143  18:23  Battlecruiser x2  
  143  18:26  Battlecruiser  
  161  18:29  Hellion x3  
  161  18:30  Hellion x3  
  173  18:50  Hellion  
  173  18:51  Hellion  
Show
View Real Time Build Order
Export as new Build Order

SubN Zerg 

Build Orders: Hatch First, Swarm Host 

Get SALT Encoding   

  12  0:00  Drone  
  13  0:12  Overlord  
  13  0:18  Drone  
  14  0:30  Drone x2  
  16  0:50  Hatchery  
  16  0:53  Drone  
  16  0:56  Drone  
  17  0:59  Drone  
  18  1:10  Extractor  
  17  1:15  Spawning Pool  
  16  1:19  Drone  
  16  1:21  Drone  
  18  1:28  Drone  
  19  1:38  Drone  
  20  1:49  Overlord  
  20  2:02  Queen  
  20  2:03  Queen  
  20  2:04  Zergling x4  
  26  2:14  Metabolic Boost  
  26  2:19  Drone x2  
  28  2:38  Drone  
  28  2:39  Drone  
  28  2:40  Hatchery  
  29  2:46  Drone x3  
  29  2:50  Overlord  
  32  2:56  Overlord  
  32  3:02  Queen  
  34  3:25  Roach Warren, Spore Crawler  
  34  3:27  Drone x2, Spore Crawler  
  34  3:32  Drone x2  
  34  3:33  Zergling x2  
  36  3:34  Zergling x6  
  36  3:38  Overlord  
  40  3:41  Drone  
  40  3:58  Drone x6  
  40  4:02  Queen  
  48  4:05  Drone x2  
  50  4:10  Overlord  
  50  4:15  Extractor  
  50  4:17  Overlord  
  49  4:21  Overlord x3  
  49  4:27  Queen  
  49  4:30  Drone  
  49  4:31  Drone  
  53  4:32  Drone  
  53  4:33  Drone  
  53  4:37  Extractor  
  54  4:40  Roach  
  54  4:41  Roach  
  58  4:46  Drone x3  
  58  4:48  Drone x2  
  58  4:52  Extractor  
  62  4:56  Drone x2  
  62  4:57  Drone  
  65  5:00  Roach x2  
  69  5:16  Queen  
  69  5:17  Queen  
  69  5:20  Drone x2  
  75  5:24  Drone x4  
  75  5:25  Drone  
  75  5:26  Evolution Chamber x2  
  78  5:28  Ravager  
  78  5:29  Ravager x2  
  78  5:35  Ravager  
  82  5:44  Lair  
  82  5:46  Drone x8  
  90  5:56  Zerg Missile Weapons Level 1  
  90  6:09  Overlord x6  
  90  6:14  Zerg Ground Armor Level 1  
  90  6:20  Drone, Extractor  
  90  6:21  Drone, Extractor  
  90  6:25  Overlord  
  90  6:28  Drone  
  90  6:29  Drone x3  
  90  6:31  Drone x4  
  90  6:32  Drone x2  
  100  6:35  Drone  
  100  6:38  Drone  
  102  6:41  Glial Reconstitution  
  102  6:42  Baneling Nest  
  102  6:43  Roach  
  102  6:44  Roach x4  
  111  6:57  Roach x7  
  125  7:09  Hatchery  
  124  7:16  Overseer  
  124  7:17  Spore Crawler  
  124  7:18  Ravager x2  
  125  7:44  Roach x7  
  136  7:52  Zerg Missile Weapons Level 2  
  136  8:02  Centrifugal Hooks  
  133  8:07  Overlord x5  
  133  8:08  Overlord  
  133  8:20  Queen  
  133  8:25  Overlord x3  
  133  8:26  Queen  
  137  8:29  Drone x13  
  137  8:33  Extractor  
  149  8:34  Extractor  
  149  8:36  Zerg Ground Armor Level 2  
  148  8:43  Spire  
  147  8:51  Hatchery  
  124  9:03  Zergling x2  
  124  9:04  Zergling x34  
  142  9:10  Drone  
  142  9:17  Overlord x3  
  143  9:21  Drone x2  
  143  9:22  Drone x2  
  147  9:24  Drone  
  148  9:32  Roach  
  148  9:33  Roach x5  
  159  9:39  Zergling x6  
  159  9:40  Zergling x2  
  163  9:49  Drone x5  
  163  9:50  Drone  
  169  9:59  Mutalisk x7  
  171  10:05  Extractor  
  171  10:06  Extractor  
  181  10:13  Mutalisk x4  
  181  10:14  Mutalisk x5  
  142  10:31  Zergling x26  
  142  10:32  Zergling x4  
  142  10:35  Queen  
  153  10:53  Roach x9  
  153  10:54  Roach x4  
  179  10:57  Zerg Flyer Weapons Level 1  
  179  11:08  Roach x10  
  199  11:16  Drone  
  200  11:27  Infestation Pit  
  200  11:29  Ravager  
  183  11:44  Hatchery  
  113  12:14  Roach x5  
  113  12:15  Roach x8  
  139  12:21  Swarm Host x3  
  139  12:22  Swarm Host x7  
  157  12:23  Swarm Host x2  
  175  12:31  Infestor x5  
  185  12:38  Ravager x11  
  185  12:39  Ravager x2  
  185  12:40  Zergling x4  
  200  13:10  Hatchery, Extractor  
  200  13:12  Extractor  
  166  14:07  Queen  
  168  14:10  Swarm Host x4  
  180  14:18  Hive  
  180  14:20  Zerg Melee Weapons Level 1  
  180  14:22  Neural Parasite  
  180  14:35  Overseer  
  180  14:46  Roach x10  
  188  15:36  Ravager x8  
  188  15:37  Ravager x2  
  187  16:04  Spore Crawler x4  
  184  16:10  Greater Spire  
  183  16:15  Corruptor x5  
  183  16:16  Corruptor x3  
  193  16:40  Queen  
  195  16:49  Corruptor x2  
  199  17:14  Spine Crawler x2  
  199  17:15  Spine Crawler  
  196  17:16  Spine Crawler, Spore Crawler  
  196  17:20  Spine Crawler  
  196  17:21  Spine Crawler  
  196  17:22  Spore Crawler  
  191  17:28  Brood Lord  
  191  17:29  Brood Lord x3  
  190  17:48  Corruptor x11  
  194  18:06  Brood Lord x3  
  200  19:24  Spore Crawler  
  199  19:26  Spore Crawler  
  199  19:28  Spore Crawler  
  185  19:34  Spore Crawler  
  185  19:35  Spore Crawler  
Tags
 
Add a new tag
Caveats
  • Supply blocks, unpowered buildings, or Contaminate may cause inaccurate times.
  • Supply counts are checked every 10 seconds.